PAAA
THOMASVILLE LOOKOUTS @ TORTOLITA DRUMMERS
09/05/2019
 
TOP OF THE 1ST
Thomasville Lookouts batting - Pitching for Tortolita Drummers : RHP Francisco López
Pitching: RHP Francisco López
Batting: RHB Jim Unknown 0-0: Ball
1-0: Foul Ball, location: 2F
1-1: Swinging Strike
1-2: Ball
2-2: Ball
3-2: Ground out U3 (Groundball, 3S)
Batting: LHB Jim Unknown 0-0: Foul Ball, location: 2F
0-1: Foul Ball, location: 2F
0-2: Ball
1-2: Foul Ball, location: 2F
1-2: Ball
2-2: Ball
3-2: Foul Ball, location: 2F
3-2: SINGLE (Groundball, 23) (infield hit)
Batting: RHB Keith Best 0-0: Foul Ball, location: 2F
0-1: Fly out, F9 (Popup, 9S)
Batting: RHB Jim Unknown 0-0: Ball
1-0: Swinging Strike
1-1: Called Strike
1-2: Strikes out swinging
Top of the 1st over - 0 run(s), 1 hit(s), 0 error(s), 1 left on base; Thomasville 0 - Tortolita 0
BOTTOM OF THE 1ST
Tortolita Drummers batting - Pitching for Thomasville Lookouts : RHP Jim Unknown
Pitching: RHP Jim Unknown
Batting: RHB Hunter Curtis 0-0: Called Strike
0-1: Ball
1-1: DOUBLE (Line Drive, 78XD)
Batting: SHB Dan Godwin 0-0: Swinging Strike
0-1: Ball
1-1: Ground out 1-3 (Groundball, 15)
Batting: LHB Orlando Trevino 0-0: Ball
1-0: Ball
Passed Ball!
Hunter Curtis to third
2-0: SINGLE (Groundball, 6MD)
Hunter Curtis scores
Batting: RHB Joey Morgan 0-0: Ball
1-0: Swinging Strike
1-1: Foul Ball, location: 2F
1-2: Strikes out swinging
Batting: RHB Lonnie Conrad 0-0: Ball
1-0: Called Strike
1-1: Ball
2-1: Fielders Choice at 2nd, U6 (Groundball, 6M)
Bottom of the 1st over - 1 run(s), 2 hit(s), 0 error(s), 1 left on base; Thomasville 0 - Tortolita 1
TOP OF THE 2ND
Thomasville Lookouts batting - Pitching for Tortolita Drummers : RHP Francisco López
Batting: RHB Jim Unknown 0-0: Foul Ball, location: 2F
0-1: Foul Ball, location: 2F
0-2: Ball
1-2: Strikes out swinging
Batting: LHB Jim Unknown 0-0: Ball
1-0: Foul Ball, location: 2F
1-1: Called Strike
1-2: Strikes out swinging
Batting: LHB Jim Unknown 0-0: Called Strike
0-1: Swinging Strike
0-2: SOLO HOME RUN (Flyball, 8LD), Distance : 429 ft
Batting: RHB Jim Unknown 0-0: Called Strike
0-1: Ball
1-1: Ball
2-1: Foul Ball, location: 2F
2-2: Ball
3-2: SOLO HOME RUN (Flyball, 8LXD), Distance : 430 ft
Batting: LHB Jim Unknown 0-0: Foul Ball, location: 2F
0-1: Swinging Strike
0-2: Ball
1-2: SOLO HOME RUN (Flyball, 89XD), Distance : 411 ft
Batting: RHB Jim Unknown 0-0: Called Strike
0-1: Foul Ball, location: 2F
0-2: Ball
1-2: Ball
2-2: SOLO HOME RUN (Flyball, 78XD), Distance : 407 ft
Batting: LHB Jim Unknown 0-0: Called Strike
0-1: Ball
1-1: Foul Ball, location: 2F
1-2: Foul Ball, location: 2F
1-2: Strikes out swinging
Top of the 2nd over - 4 run(s), 4 hit(s), 0 error(s), 0 left on base; Thomasville 4 - Tortolita 1
BOTTOM OF THE 2ND
Tortolita Drummers batting - Pitching for Thomasville Lookouts : RHP Jim Unknown
Batting: RHB Richard Ollivier 0-0: Called Strike
0-1: Foul Ball, location: 2F
0-2: Hit by Pitch
Batting: LHB Jesse Taylor 0-0: Ball
1-0: Ball
2-0: Ball
3-0: Foul Ball, location: 2F
3-1: Base on Balls
Richard Ollivier to second
Batting: RHB Jim Harris 0-0: Foul Ball, location: 2F
0-1: Ball
1-1: Swinging Strike
1-2: Strikes out swinging
Batting: RHB Ray Whittier 0-0: Foul Ball, location: 2F
0-1: Called Strike
0-2: Foul Ball, location: 2F
0-2: Ball
1-2: Ball
2-2: Foul Ball, location: 2F
2-2: Foul Ball, location: 2F
2-2: DOUBLE (Line Drive, 5D)
Richard Ollivier scores
Jesse Taylor to third
Batting: RHB Hunter Curtis 0-0: Swinging Strike
0-1: Swinging Strike
0-2: Ball
1-2: Strikes out looking
Batting: SHB Dan Godwin 0-0: Swinging Strike
0-1: Foul Ball, location: 2F
0-2: Ground out U3 (Groundball, 3)
Bottom of the 2nd over - 1 run(s), 1 hit(s), 0 error(s), 2 left on base; Thomasville 4 - Tortolita 2
TOP OF THE 3RD
Thomasville Lookouts batting - Pitching for Tortolita Drummers : RHP Francisco López
Batting: RHB Keith Best 0-0: Ball
1-0: Called Strike
1-1: Ground out 5-3 (Groundball, 56)
Batting: RHB Jim Unknown 0-0: SINGLE (Line Drive, 6M)
Batting: RHB Jim Unknown 0-0: Called Strike
0-1: Ball
1-1: Foul Ball, location: 2F
1-2: Ball
2-2: Ball
3-2: Strikes out swinging
Jim Unknown steals 2nd base
Batter strikes out.
Batting: LHB Jim Unknown 0-0: Called Strike
0-1: Foul Ball, location: 2F
0-2: Foul Ball, location: 2F
0-2: Foul Ball, location: 2F
0-2: Strikes out swinging
Top of the 3rd over - 0 run(s), 1 hit(s), 0 error(s), 1 left on base; Thomasville 4 - Tortolita 2
BOTTOM OF THE 3RD
Tortolita Drummers batting - Pitching for Thomasville Lookouts : RHP Jim Unknown
Batting: LHB Orlando Trevino 0-0: Ball
1-0: Ball
2-0: Foul Ball, location: 2F
2-1: Foul Ball, location: 2F
2-2: Foul Ball, location: 2F
2-2: Ball
3-2: Strikes out swinging
Batting: RHB Joey Morgan 0-0: Ball
1-0: Ball
2-0: Foul Ball, location: 2F
2-1: Fly out, F7 (Flyball, 7D)
Batting: RHB Lonnie Conrad 0-0: Ball
1-0: Called Strike
1-1: Ground out 6-3 (Groundball, 6)
Bottom of the 3rd over - 0 run(s), 0 hit(s), 0 error(s), 0 left on base; Thomasville 4 - Tortolita 2
TOP OF THE 4TH
Thomasville Lookouts batting - Pitching for Tortolita Drummers : RHP Francisco López
Batting: LHB Jim Unknown 0-0: Ball
1-0: Ball
2-0: Ball
3-0: Called Strike
3-1: Swinging Strike
3-2: Foul Ball, location: 2F
3-2: Foul Ball, location: 2F
3-2: Base on Balls
Batting: RHB Jim Unknown 0-0: Foul Ball, location: 2F
0-1: Ball
1-1: Ball
2-1: DOUBLE (Line Drive, 5D)
Jim Unknown to third
Batting: LHB Jim Unknown 0-0: Ball
1-0: Foul Ball, location: 2F
1-1: SINGLE (Line Drive, 4MD)
Jim Unknown scores
Jim Unknown to third
Batting: RHB Jim Unknown 0-0: Fly out, F8 (Flyball, 8LM)
Runner from 3rd tags up, OUT at HOME
Jim Unknown to second
Batting: LHB Jim Unknown 0-0: Called Strike
0-1: Foul Ball, location: 2F
0-2: Strikes out swinging
Top of the 4th over - 1 run(s), 2 hit(s), 0 error(s), 1 left on base; Thomasville 5 - Tortolita 2
BOTTOM OF THE 4TH
Tortolita Drummers batting - Pitching for Thomasville Lookouts : RHP Jim Unknown
Batting: RHB Richard Ollivier 0-0: Called Strike
0-1: Called Strike
0-2: Ball
1-2: Ball
2-2: Foul Ball, location: 2F
2-2: Ball
3-2: Base on Balls
Batting: LHB Jesse Taylor 0-0: Swinging Strike
0-1: Ball
1-1: Called Strike
1-2: Foul Ball, location: 2F
1-2: Ball
2-2: Grounds into double play, U3-6 (Groundball, 3L)
Batting: RHB Jim Harris 0-0: Swinging Strike
0-1: Ground out 4-3 (Groundball, 34)
Bottom of the 4th over - 0 run(s), 0 hit(s), 0 error(s), 0 left on base; Thomasville 5 - Tortolita 2
TOP OF THE 5TH
Thomasville Lookouts batting - Pitching for Tortolita Drummers : RHP Francisco López
Batting: RHB Keith Best 0-0: Swinging Strike
0-1: Ball
1-1: Called Strike
1-2: Ball
2-2: Fly out, F9 (Line Drive, 89S)
Batting: RHB Jim Unknown 0-0: Ball
1-0: Called Strike
1-1: Ball
2-1: Ground out 5-3 (Groundball, 5)
Batting: RHB Jim Unknown 0-0: Called Strike
0-1: Ball
1-1: Swinging Strike
1-2: Foul Ball, location: 2F
1-2: Ball
2-2: Fly out, F8 (Flyball, 8RS)
Top of the 5th over - 0 run(s), 0 hit(s), 0 error(s), 0 left on base; Thomasville 5 - Tortolita 2
BOTTOM OF THE 5TH
Tortolita Drummers batting - Pitching for Thomasville Lookouts : RHP Jim Unknown
Batting: RHB Ray Whittier 0-0: Foul Ball, location: 2F
0-1: Ball
1-1: Ball
2-1: Ground out 6-3 (Groundball, 56D)
Batting: RHB Hunter Curtis 0-0: Called Strike
0-1: Foul Ball, location: 2F
0-2: Ball
1-2: Ball
2-2: SINGLE (Flyball, 8LS)
Batting: SHB Dan Godwin 0-0: Swinging Strike
0-1: Ball
1-1: Ball
2-1: Swinging Strike
2-2: Ball
3-2: Fly out, F8 (Popup, 8LS)
Batting: LHB Orlando Trevino 0-0: Ball
1-0: Foul Ball, location: 2F
1-1: Swinging Strike
1-2: Ball
2-2: Foul Ball, location: 2F
2-2: Ball
3-2: SINGLE (Groundball, 34)
Hunter Curtis to second
Hunter Curtis to third
Pitching: RHP Jim Unknown
Batting: RHB Joey Morgan 0-0: Ball
1-0: Ball
2-0: Ball
3-0: Foul Ball, location: 2F
3-1: Foul Ball, location: 2F
3-2: Fly out, F5 (Popup, 5F)
Bottom of the 5th over - 0 run(s), 2 hit(s), 0 error(s), 2 left on base; Thomasville 5 - Tortolita 2
TOP OF THE 6TH
Thomasville Lookouts batting - Pitching for Tortolita Drummers : RHP Francisco López
Batting: LHB Jim Unknown 0-0: Ball
1-0: Swinging Strike
1-1: Foul Ball, location: 2F
1-2: Ball
2-2: Foul Ball, location: 2F
2-2: Ball
3-2: Strikes out swinging
Batting: LHB Jim Unknown 0-0: Ball
1-0: Ball
2-0: Foul Ball, location: 2F
2-1: Called Strike
2-2: SINGLE (Line Drive, 6MD)
Pitching: RHP Luis Gonzáles
Batting: RHB Jim Unknown 0-0: Ball
1-0: Swinging Strike
1-1: Foul Ball, location: 2F
1-2: Ball
Wild Pitch!
Jim Unknown to second
2-2: Ball
3-2: Strikes out swinging
Batting: LHB Jim Unknown 0-0: Ball
1-0: Ball
2-0: Fly out, F7 (Flyball, 78D)
Top of the 6th over - 0 run(s), 1 hit(s), 0 error(s), 1 left on base; Thomasville 5 - Tortolita 2
BOTTOM OF THE 6TH
Tortolita Drummers batting - Pitching for Thomasville Lookouts : RHP Jim Unknown
Batting: RHB Lonnie Conrad 0-0: Called Strike
0-1: Fly out, F7 (Flyball, 7S)
Batting: RHB Richard Ollivier 0-0: SINGLE (Groundball, 56D)
Batting: LHB Jesse Taylor 0-0: Ball
1-0: Ball
Wild Pitch!
Richard Ollivier to second
2-0: Ball
3-0: Called Strike
3-1: Called Strike
3-2: Ground out 1-3 (Groundball, 13S)
Richard Ollivier to third
Batting: RHB Jim Harris 0-0: Ball
1-0: Called Strike
1-1: SINGLE (Groundball, 34)
Richard Ollivier scores
Batting: RHB Ray Whittier 0-0: Called Strike
0-1: Ball
1-1: Ball
2-1: Ball
3-1: Base on Balls
Jim Harris to second
Batting: RHB Hunter Curtis 0-0: Called Strike
0-1: Ball
1-1: Foul Ball, location: 2F
1-2: Strikes out looking
Bottom of the 6th over - 1 run(s), 2 hit(s), 0 error(s), 2 left on base; Thomasville 5 - Tortolita 3
TOP OF THE 7TH
Thomasville Lookouts batting - Pitching for Tortolita Drummers : RHP Luis Gonzáles
Batting: RHB Jim Unknown 0-0: Foul Ball, location: 2F
0-1: Ball
1-1: Foul Ball, location: 2F
1-2: Strikes out swinging
Batting: LHB Jim Unknown 0-0: Ground out 6-3 (Groundball, 6M)
Batting: RHB Keith Best 0-0: Foul Ball, location: 2F
0-1: Swinging Strike
0-2: Ball
1-2: SINGLE (Groundball, 15) (infield hit)
Pinch Runner at 1st Jim Unknown:
Batting: RHB Jim Unknown 0-0: Ball
1-0: Ball
2-0: SINGLE (Groundball, 4M)
Jim Unknown to second
Pinch Hitting: LHB Jim Unknown 0-0: Ball
1-0: Swinging Strike
1-1: Swinging Strike
1-2: Ball
2-2: Foul Ball, location: 2F
2-2: Fly out, F8 (Flyball, 8LXD)
Top of the 7th over - 0 run(s), 2 hit(s), 0 error(s), 2 left on base; Thomasville 5 - Tortolita 3
BOTTOM OF THE 7TH
Tortolita Drummers batting - Pitching for Thomasville Lookouts : RHP Jim Unknown
Now at 1B: Jim Unknown
Now in CF: Jim Unknown
Batting: SHB Dan Godwin 0-0: DOUBLE (Line Drive, 7LS)
Batting: LHB Orlando Trevino 0-0: Foul Ball, location: 2F
0-1: Ball
1-1: Ground out 4-3 (Groundball, 4)
Dan Godwin to third
Batting: RHB Joey Morgan 0-0: Ball
1-0: Foul Ball, location: 2F
1-1: Ball
2-1: SINGLE (Groundball, 56D)
Dan Godwin scores
Pitching: LHP Jim Unknown
Batting: RHB Lonnie Conrad 0-0: Swinging Strike
0-1: Ball
1-1: Ball
2-1: Called Strike
2-2: Ball
3-2: Grounds into double play, 6-4-3 (Groundball, 6M)
Bottom of the 7th over - 1 run(s), 2 hit(s), 0 error(s), 0 left on base; Thomasville 5 - Tortolita 4
TOP OF THE 8TH
Thomasville Lookouts batting - Pitching for Tortolita Drummers : RHP Luis Gonzáles
Pitching: LHP Dana Hennessey
Batting: LHB Jim Unknown 0-0: Swinging Strike
0-1: Swinging Strike
0-2: Ball
1-2: Ball
2-2: Strikes out swinging
Pitching: LHP Parker Cooke
Batting: LHB Jim Unknown 0-0: Ball
1-0: Ball
2-0: Foul Ball, location: 2F
2-1: Ground out 4-3 (Groundball, 4)
Batting: RHB Jim Unknown 0-0: Called Strike
0-1: Swinging Strike
0-2: Ball
1-2: Strikes out looking
Top of the 8th over - 0 run(s), 0 hit(s), 0 error(s), 0 left on base; Thomasville 5 - Tortolita 4
BOTTOM OF THE 8TH
Tortolita Drummers batting - Pitching for Thomasville Lookouts : LHP Jim Unknown
Pitching: RHP Jim Unknown
Batting: RHB Richard Ollivier 0-0: Ball
1-0: Ball
2-0: Called Strike
2-1: Ball
3-1: Base on Balls
Batting: LHB Jesse Taylor 0-0: Foul Ball, location: 2F
0-1: Bunted foul
0-2: Fly out, F6 (Line Drive, 6M)
Pinch Hitting: LHB Jim Unknown 0-0: Called Strike
0-1: Foul Ball, location: 2F
0-2: Foul Ball, location: 2F
0-2: Strikes out swinging
Batting: RHB Ray Whittier 0-0: Called Strike
0-1: Foul Ball, location: 2F
0-2: Ball
1-2: SINGLE (Groundball, 56D)
Richard Ollivier to second
Batting: RHB Hunter Curtis 0-0: Ball
1-0: Foul Ball, location: 2F
1-1: Called Strike
1-2: Foul Ball, location: 2F
1-2: Strikes out swinging
Bottom of the 8th over - 0 run(s), 1 hit(s), 0 error(s), 2 left on base; Thomasville 5 - Tortolita 4
TOP OF THE 9TH
Thomasville Lookouts batting - Pitching for Tortolita Drummers : LHP Parker Cooke
Pitching: LHP Ron Anderson
Now in RF: Jim Unknown
Batting: LHB Jim Unknown 0-0: Ball
1-0: Ball
2-0: Foul Ball, location: 2F
2-1: SINGLE (Groundball, 6MD)
Pinch Hitting: RHB Jim Unknown 0-0: SINGLE (Line Drive, 34)
Jim Unknown to second
Batting: LHB Jim Unknown 0-0: Ball
1-0: Ball
2-0: Ball
3-0: Called Strike
3-1: Foul Ball, location: 2F
3-2: Foul Ball, location: 2F
3-2: Base on Balls
Jim Unknown to third
Jim Unknown to second
Batting: LHB Jim Unknown 0-0: Grounds into fielders choice 3-2 (Groundball, 3S)
Jim Unknown to third
Jim Unknown to second
Batting: RHB Jim Unknown 0-0: Called Strike
0-1: Ball
1-1: Fly out, F9 (Line Drive, 89S)
Pinch Hitting: RHB Jim Unknown 0-0: Fly out, F9 (Flyball, 9LMF)
Top of the 9th over - 0 run(s), 2 hit(s), 0 error(s), 3 left on base; Thomasville 5 - Tortolita 4
BOTTOM OF THE 9TH
Tortolita Drummers batting - Pitching for Thomasville Lookouts : RHP Jim Unknown
Pitching: RHP Jim Unknown
Now at 1B: Jim Unknown
Now at SS: Jim Unknown
Batting: SHB Dan Godwin 0-0: Ball
1-0: Fly out, F8 (Flyball, 8LM)
Batting: LHB Orlando Trevino 0-0: Ball
1-0: Ball
2-0: Swinging Strike
2-1: Ball
3-1: Base on Balls
Batting: RHB Joey Morgan 0-0: Foul Ball, location: 2F
0-1: Ball
1-1: Ball
2-1: Swinging Strike
2-2: Strikes out looking
Batting: RHB Lonnie Conrad 0-0: DOUBLE (Flyball, 78XD)
Orlando Trevino to third
Runner from 3rd tries for Home, SAFE, no throw or cutoff
Batting: RHB Richard Ollivier 0-0: Foul Ball, location: 2F
0-1: Foul Ball, location: 2F
0-2: Strikes out swinging
Bottom of the 9th over - 1 run(s), 1 hit(s), 0 error(s), 1 left on base; Thomasville 5 - Tortolita 5
TOP OF THE 10TH
Thomasville Lookouts batting - Pitching for Tortolita Drummers : LHP Ron Anderson
Batting: LHB Jim Unknown 0-0: SINGLE (Line Drive, 89S)
Batting: LHB Jim Unknown 0-0: Ball
Wild Pitch!
Jim Unknown to second
1-0: Ground out 4-3 (Groundball, 4M)
Jim Unknown to third
Batting: RHB Jim Unknown 0-0: Intentional Walk
Batting: LHB Jim Unknown 0-0: Ball
1-0: Fly out, F7 (Flyball, 7D)
Runner from 3rd tags up, SCORES, no throw
Batting: RHB Jim Unknown 0-0: Ball
1-0: Ground out 1-3 (Groundball, 15)
Top of the 10th over - 1 run(s), 1 hit(s), 0 error(s), 1 left on base; Thomasville 6 - Tortolita 5
BOTTOM OF THE 10TH
Tortolita Drummers batting - Pitching for Thomasville Lookouts : RHP Jim Unknown
Batting: LHB Jesse Taylor 0-0: Foul Ball, location: 2F
0-1: Ball
1-1: Swinging Strike
1-2: Foul Ball, location: 2F
1-2: Fly out, F5 (Line Drive, 5S)
Batting: LHB Jim Unknown 0-0: Called Strike
0-1: Foul Ball, location: 2F
0-2: SOLO HOME RUN (Flyball, 9D), Distance : 384 ft
Pitching: RHP Jim Unknown
Pinch Hitting: RHB Robert Bailey 0-0: Foul Ball, location: 2F
0-1: Ball
1-1: Ball
2-1: Ball
3-1: Called Strike
3-2: SINGLE (Groundball, 6MD)
Batting: RHB Hunter Curtis 0-0: Ball
Pickoff Throw to First - Error! E1
Robert Bailey to second
1-0: Fly out, F8 (Flyball, 8RM)
Batting: SHB Dan Godwin 0-0: Swinging Strike
0-1: Ball
1-1: Ball
2-1: Foul Ball, location: 2F
2-2: Ground out 1-3 (Groundball, 13)
Bottom of the 10th over - 1 run(s), 2 hit(s), 1 error(s), 1 left on base; Thomasville 6 - Tortolita 6
TOP OF THE 11TH
Thomasville Lookouts batting - Pitching for Tortolita Drummers : LHP Ron Anderson
Pitching: LHP Edward Jensen
Now at C: Caleb Mitchell
Batting: LHB Jim Unknown 0-0: SINGLE (Groundball, 6MD)
Batting: LHB Jim Unknown 0-0: Swinging Strike
0-1: Ball
1-1: Ball
2-1: Ground out 4-3 (Groundball, 4M)
Jim Unknown to second
Batting: RHB Jim Unknown 0-0: Intentional Walk
Batting: RHB Jim Unknown 0-0: Ball
1-0: Called Strike
1-1: Ball
2-1: Fly out, F8 (Flyball, 8RD)
Runner from 2nd tags up, SAFE at 3rd, no throw
Batting: LHB Jim Unknown 0-0: Swinging Strike
0-1: Ball
1-1: Foul Ball, location: 2F
1-2: Ball
2-2: Ball
3-2: Fly out, F7 (Flyball, 7D)
Top of the 11th over - 0 run(s), 1 hit(s), 0 error(s), 2 left on base; Thomasville 6 - Tortolita 6
BOTTOM OF THE 11TH
Tortolita Drummers batting - Pitching for Thomasville Lookouts : RHP Jim Unknown
Batting: LHB Orlando Trevino 0-0: SOLO HOME RUN (Flyball, 89XD), Distance : 406 ft
This league is powered by Out of the Park Baseball, the baseball management simulation game for PC, Mac and Linux
Saturday, July 25th, 2015 - OOTP Baseball 15.6 Build 34